 Dungeon Crawl Stone Soup version 0.21.1-1-g345015f (webtiles) character file.

15746 kae the Cleaver (level 12, -5/111 HPs)
             Began as a Hill Orc Fighter on May 19, 2018.
             Was a Priest of Beogh.
             Slain by a very large slime creature (29 damage)
             ... on level 11 of the Dungeon.
             The game lasted 00:11:53 (12726 turns).

kae the Cleaver (Hill Orc Fighter)                 Turns: 12726, Time: 00:11:54

Health: -5/111     AC: 18    Str: 24    XL:     12   Next: 30%
Magic:  12/18      EV:  9    Int:  8    God:    Beogh [***...]
Gold:   460        SH: 12    Dex: 10    Spells: 11/11 levels left

rFire    . . .     SeeInvis +   a - +1 war axe
rCold    . . .     Gourm    .   c - +0 shield
rNeg     . . .     Faith    .   b - +0 scale mail
rPois    .         Spirit   .   e - +0 helmet
rElec    .         Reflect  .   (no cloak)
rCorr    .         Harm     .   q - +0 pair of gloves
MR       .....                  C - +1 pair of boots {run}
Stlth    ..........             z - amulet of regeneration
HPRegen  0.68/turn              D - +5 ring of protection
MPRegen  0.16/turn              p - ring of see invisible

@: studying Fighting, quick
A: no striking features
a: Smiting, Renounce Religion


You were on level 11 of the Dungeon.
You worshipped Beogh.
Beogh was most pleased with you.
You were not hungry.

You visited 1 branch of the dungeon, and saw 11 of its levels.

You collected 537 gold pieces.
You spent 77 gold pieces at shops.

Inventory:

Hand Weapons
 a - a +1 war axe (weapon)
Armour
 b - a +0 scale mail (worn)
 c - a +0 shield (worn)
 e - a +0 helmet (worn)
 q - a +0 pair of gloves (worn)
 C - a +1 pair of boots of running (worn)
Jewellery
 p - a ring of see invisible (right hand)
 z - an amulet of regeneration (around neck)
 B - an uncursed ring of protection from magic
 D - a +5 ring of protection (left hand)
 E - an uncursed ring of stealth
 L - an uncursed ring of resist corrosion
Wands
 d - a wand of paralysis (19)
 y - a wand of iceblast (18)
Scrolls
 i - 4 scrolls of remove curse
 o - a scroll of identify
 r - a scroll of enchant weapon
 u - a scroll of fog
 w - a scroll of immolation
 x - a scroll of blinking
 H - a scroll of amnesia
 J - 2 scrolls of teleportation
Potions
 g - 3 potions of brilliance
 h - 3 potions of flight
 j - 3 potions of resistance
 l - 2 potions of cancellation
 m - a potion of magic
 s - a potion of curing
 t - 3 potions of haste
 v - 5 potions of lignification
 A - a potion of berserk rage
 G - 4 potions of heal wounds
Books
 n - a book of Battle

   Spells                             Type                      Level
   a - Infusion                       Charms                       1
   b - Shroud of Golubria             Charms/Translocation         2
   c - Song of Slaying                Charms                       2
   d - Spectral Weapon                Hexes/Charms                 3
   e - Regeneration                   Charms/Necromancy            3
 F - a book of Misfortune

   Spells                             Type                      Level
   a - Confusing Touch                Hexes                        1
   b - Confuse                        Hexes                        3
   c - Gell's Gravitas                Translocation                3
   d - Petrify                        Transmutation/Earth          4
   e - Metabolic Englaciation         Hexes/Ice                    5
   f - Yara's Violent Unravelling     Hexes/Transmutation          5
 I - a manual of Fighting
 K - a book of Minor Magic

   Spells                             Type                      Level
   a - Magic Dart                     Conjuration                  1
   b - Blink                          Translocation                2
   c - Call Imp                       Summoning                    2
   d - Slow                           Hexes                        2
   e - Conjure Flame                  Conjuration/Fire             3
   f - Mephitic Cloud                 Conjuration/Poison/Air       3
Comestibles
 f - 19 rations


   Skills:
 + Level 11.7 Fighting
 * Level 14.8 Axes
 + Level 9.6 Armour
 + Level 9.6 Shields
 + Level 9.2 Invocations


You had 11 spell levels left.
You didn't know any spells.

Dungeon Overview and Level Annotations

Branches:
Dungeon (11/15)            Temple (0/1) D:7            Lair (0/6) D:10
    Orc: D:9-12

Altars:
Kikubaaqudgha
Ru
Wu Jian

Shops:
D:5 ?


Message History

You hit the very large slime creature.
The very large slime creature is severely wounded.
You slash the very large slime creature!
The very large slime creature is severely wounded.
The very large slime creature hits you!!!
* * * LOW HITPOINT WARNING * * *
You are too injured to fight recklessly!
Aiming: Smiting
Press: ? - help, Dir - move target cursor, f - very large slime creature Smite: a very large slime creature (severely wounded)
You smite the very large slime creature!
The very large slime creature is almost dead.
You block the very large slime creature's attack.
Aiming: Smiting
Press: ? - help, Dir - move target cursor, f/p - very large slime creature Smite: a very large slime creature (almost dead)
You smite the very large slime creature!
The very large slime creature is almost dead.
The very large slime creature hits you!!
You die...

..........
....######.#
.##.(....#.#
###.####.#.# # #.#
#.#.# # #.# #.#.# #.#
#.#.# # #.#
#.#.########..# ..#
#.†....$.@J...#
#.....##.#######......
........... .....
#.....##.### .###
...... ..# # ######
###


You could see a very large slime creature.

Vanquished Creatures
  A centaur warrior (D:8)
  Erica (D:11)
  6 two-headed ogres
  The ghost of kae the Martial Artist, a novice DsTm of Wu Jian (D:9)
  An ugly thing (D:11)
  Psyche (D:8)
  A gargoyle (D:10)
  2 trolls
  A hornet (D:10)
  A slime creature (D:11)
  3 hippogriffs
  Sigmund (D:2)
  2 wyverns (D:10)
  A wraith (D:7)
  11 yaks (D:10)
  3 hungry ghosts
  A steam dragon (D:11)
  The ghost of raikaria the Conjurer, an amateur DrCj (D:4)
  A water moccasin (D:8)
  3 orc warriors
  2 sky beasts
  3 ice beasts
  5 ogres
  A black bear (D:10)
  An eye of draining (D:10)
  4 phantoms
  2 centaurs
  2 big kobolds (D:8)
  4 bullfrogs
  A water moccasin zombie (D:10)
  6 scorpions
  A killer bee (D:8)
  4 wights (D:6)
  An electric eel (D:9)
  3 bullfrog zombies
  7 crimson imps
  A quasit (D:10)
  9 hounds
  2 gnoll shamans (D:7)
  6 orc priests
  4 jellies
  4 bullfrog skeletons
  A centaur skeleton (D:8)
  3 iguanas
  7 orc wizards
  7 worker ants
  A howler monkey zombie (D:7)
  Robin (D:2)
  12 gnolls
  12 adders
  2 shadow imps
  7 oozes
  2 adder skeletons
  4 worms
  9 leopard geckos
  39 orcs
  4 bats
  5 giant cockroaches
  14 goblins
  6 hobgoblins
  14 jackals
  2 quokkas (D:2)
  A ball python (D:3)
  4 frilled lizards
  A giant cockroach zombie (D:5)
  5 kobolds
  2 leopard gecko skeletons
  8 rats
289 creatures vanquished.

Vanquished Creatures (others)
  A human (D:3)
  An orc (D:3)
2 creatures vanquished.

Grand Total: 291 creatures vanquished

Notes
Turn   | Place    | Note
-------+----------+-------------------------------------------
     0 | D:1      | kae the Hill Orc Fighter began the quest for the Orb.
     0 | D:1      | Reached XP level 1. HP: 19/19 MP: 1/1
   250 | D:1      | Reached skill level 3 in Axes
   301 | D:1      | Reached XP level 2. HP: 14/27 MP: 2/2
   821 | D:1      | Reached XP level 3. HP: 30/33 MP: 3/3
  1243 | D:2      | Noticed Robin
  1259 | D:2      | Reached skill level 4 in Axes
  1267 | D:2      | Killed Robin
  1267 | D:2      | Reached XP level 4. HP: 20/40 MP: 4/4
  1392 | D:2      | Noticed Sigmund
  1434 | D:2      | Killed Sigmund
  1434 | D:2      | Reached skill level 5 in Axes
  1434 | D:2      | Reached XP level 5. HP: 7/47 MP: 5/5
  1707 | D:2      | Reached XP level 6. HP: 53/53 MP: 6/6
  2395 | D:3      | Became a worshipper of Beogh the Brigand
  2587 | D:3      | Reached skill level 5 in Fighting
  2751 | D:3      | Found an ancient bone altar of Kikubaaqudgha.
  2766 | D:3      | Noticed a human
  2767 | D:3      | Killed a human
  2830 | D:3      | Found a glowing drain.
  3178 | D:4      | Reached skill level 6 in Axes
  3349 | D:4      | Noticed raikaria's ghost (amateur DrCj)
  3390 | D:4      | Killed raikaria's ghost
  3390 | D:4      | Reached XP level 7. HP: 43/61 MP: 7/7
  3551 | D:4      | Reached skill level 5 in Armour
  3712 | D:4      | Reached * piety under Beogh
  3852 | D:4      | Reached skill level 5 in Shields
  4277 | D:5      | Entered Level 5 of the Dungeon
  4326 | D:5      | Reached skill level 7 in Axes
  4409 | D:5      | Reached XP level 8. HP: 47/70 MP: 8/8
  4473 | D:5      | Reached skill level 8 in Axes
  5319 | D:5      | Found Eniesebi's Magic Scroll Shop.
  5327 | D:5      | Bought a scroll of identify for 22 gold pieces
  5327 | D:5      | Bought a scroll of identify for 22 gold pieces
  5327 | D:5      | Bought a scroll of teleportation for 33 gold pieces
  5612 | D:6      | Reached skill level 1 in Invocations
  5621 | D:6      | Reached ** piety under Beogh
  5621 | D:6      | Reached skill level 9 in Axes
  6086 | D:6      | Reached XP level 9. HP: 77/78 MP: 10/10
  6280 | D:6      | Found a sacrificial altar of Ru.
  6412 | D:7      | Reached skill level 10 in Axes
  6517 | D:7      | Reached *** piety under Beogh
  6674 | D:7      | Found a staircase to the Ecumenical Temple.
  7233 | D:8      | Paralysed by fainting for 7 turns
  7300 | D:8      | Noticed a two-headed ogre
  7307 | D:8      | Killed a two-headed ogre
  7307 | D:8      | Reached skill level 11 in Axes
  7307 | D:8      | Reached XP level 10. HP: 83/88 MP: 3/13
  7354 | D:8      | Reached skill level 5 in Invocations
  8013 | D:8      | Noticed a centaur warrior
  8033 | D:8      | Killed a centaur warrior
  8033 | D:8      | Reached skill level 12 in Axes
  8595 | D:8      | Identified a +1 pair of boots of running (You found it on level 8 of the Dungeon)
  8823 | D:8      | Found an ornate altar of the Wu Jian Council.
  8967 | D:9      | Noticed Psyche
  8973 | D:9      | Noticed a two-headed ogre
  8992 | D:8      | Killed Psyche
  9318 | D:9      | Noticed a two-headed ogre
  9428 | D:8      | Killed a two-headed ogre
  9428 | D:8      | Reached XP level 11. HP: 41/97 MP: 5/16
  9667 | D:8      | Killed a two-headed ogre
  9667 | D:8      | Reached skill level 13 in Axes
 10050 | D:9      | Noticed kae's ghost (novice DsTm)
 10079 | D:9      | Killed kae's ghost
 10079 | D:9      | Reached skill level 10 in Fighting
 10871 | D:10     | Entered Level 10 of the Dungeon
 11281 | D:10     | Noticed a two-headed ogre
 11286 | D:10     | Killed a two-headed ogre
 11286 | D:10     | Reached skill level 14 in Axes
 11323 | D:10     | Noticed a two-headed ogre
 11339 | D:10     | Killed a two-headed ogre
 11551 | D:10     | Noticed a two-headed ogre
 11568 | D:10     | Killed a two-headed ogre
 11568 | D:10     | Reached XP level 12. HP: 50/110 MP: 18/18
 11733 | D:10     | Found a staircase to the Lair.
 12385 | D:11     | Noticed Erica
 12394 | D:11     | Killed Erica
 12726 | D:11     | Slain by a very large slime creature

Skill      XL: |  1  2  3  4  5  6  7  8  9 10 11 12 |
---------------+-------------------------------------+-----
Axes           | 3 4 5 6 7 9 11 12 14 | 14.8
Fighting       | 4 5 6 8 9 11 | 11.7
Armour         | 4 5 6 7 8 9 |  9.6
Shields        | 4 5 6 7 8 9 |  9.6
Invocations    | 2 4 6 8 9 |  9.2

Action                   |  1- 3 |  4- 6 |  7- 9 | 10-12 || total
-------------------------+-------+-------+-------+-------++-------
Melee: War axe           |   114 |   177 |   375 |   546 ||  1212
Invok: Convert to Beogh  |       |     1 |       |       ||     1
       Smiting           |       |       |     3 |    17 ||    20
  Use: Scroll            |     4 |     3 |     7 |     8 ||    22
       Potion            |     1 |     2 |     2 |     3 ||     8
  Eat: Chunk             |     1 |     7 |     5 |    16 ||    29
       Ration            |       |       |     4 |     1 ||     5
Armor: Scale mail        |    51 |    76 |   123 |   178 ||   428
Dodge: Dodged            |    39 |    43 |    89 |   113 ||   284
Block: Shield            |    57 |    92 |   166 |   266 ||   581
